 Dungeon Crawl Stone Soup version 0.28-a0-793-g31680bbd8b (webtiles) character file.

Game seed: 14450977301233650316

31 kae the Caller (level 3, -2/18 HPs)
             Began as a Vine Stalker Summoner on Nov 3, 2021.
             Slain by an adder (3 damage)
             ... on level 2 of the Dungeon.
             The game lasted 00:01:22 (1831 turns).

kae the Caller (Vine Stalker Summoner)              Turns: 1831, Time: 00:01:23

Health: -2/18      AC:  2    Str: 10    XL:     3   Next: 22%
Magic:  0/7        EV: 12    Int: 16    God:
Gold:   28         SH:  0    Dex: 14    Spells: 1/7 levels left

rFire   . . .      SeeInvis .   (no weapon)
rCold   . . .      Faith    .   (no shield)
rNeg    . . .      Spirit   +   a - +0 robe
rPois   .          Reflect  .   (no helmet)
rElec   .          Harm     .   (no cloak)
rCorr   .          Rampage  .   (no gloves)
Will    .....                   (no boots)
Stlth   ++........              (no amulet)
HPRegen 0.06/turn               (no ring)
MPRegen 0.10/turn               (no ring)

@: no status effects
A: fangs 2, magic shield, antimagic bite, no potion heal 2
a: no special abilities


You were on level 2 of the Dungeon.
You visited 1 branch of the dungeon, and saw 2 of its levels.

You collected 28 gold pieces.

Inventory:

Armour
 a - a +0 robe (worn)
Scrolls
 b - 2 scrolls of immolation
 c - a scroll of vulnerability {unknown}
 e - a scroll of enchant weapon {unknown}
Potions
 d - a potion of curing {unknown}


   Skills:
 + Level 1.0 Fighting
 - Level 1.5 Dodging
 - Level 2.4 Stealth
 + Level 2.6 Spellcasting
 * Level 4.5 Summonings


You had one spell level left.
You knew the following spells:

 Your Spells              Type           Power      Damage    Failure   Level
a - Summon Small Mammal   Summ           64%        N/A       3%          1
b - Call Imp              Summ           16%        N/A       4%          2
c - Call Canine Familiar  Summ           16%        N/A       9%          3

Your spell library contained the following spells:

 Spells                   Type           Power      Damage    Failure   Level
 Summon Guardian Golem    Hex/Summ       9%         N/A       22%         3
 Summon Lightning Spire   Summ/Air       9%         N/A       58%         4


Dungeon Overview and Level Annotations

Branches:
Dungeon (2/15)

Altars:

Annotations:
D:2 Sigmund


Innate Abilities, Weirdness & Mutations

You have extremely sharp teeth.
When hurt, damage is shared between your health and your magic reserves.
Your bite disrupts and absorbs the magic of your enemies.
Potions cannot restore your health.


Message History

Confirm with . or Enter, or press ? or * to list all spells.
The adder bites you but does no damage. The adder barely misses you.
Casting: Summon Small Mammal (safe; 3% risk of failure)
Confirm with . or Enter, or press ? or * to list all spells.
The adder bites you.
You are poisoned.
The adder poisons you!
Your quokka misses the adder.
You feel sick. The adder completely misses you.
Your quokka completely misses the adder.
Your rat bites the adder but does no damage.
The adder bites you.
You feel sick.
Your quokka closely misses the adder.
Casting: Summon Small Mammal (safe; 3% risk of failure)
Confirm with . or Enter, or press ? or * to list all spells.
You feel sick.
Your quokka disappears in a puff of smoke!
The adder closely misses you.
You feel sick.
Your rat barely misses the adder.
The adder closely misses you.
You hit the adder but do no damage. Your bite misses the adder.
You feel sick. The adder bites you.
* * * LOW HITPOINT WARNING * * *
Your rat misses the adder.
Your quokka closely misses the adder.
The adder closely misses you.
You closely miss the adder. Your bite misses the adder.
You feel sick.
You are no longer poisoned.
Your rat barely misses the adder.
Your quokka bites the adder.
The adder bites you.
Okay, then.
You hit the adder but do no damage.
The adder is lightly wounded.
Your rat bites the adder.
The adder bites you.
* * * LOW HITPOINT WARNING * * *
Your quokka misses the adder. You hit the adder. Your bite misses the adder.
The adder is heavily wounded.
The adder barely misses you.
Your quokka completely misses the adder.
Your rat barely misses the adder.
The adder bites you.
You die...

#.# ### #.# ..# #.# #.#
#.# #.# #.# #.# #.# #.#
#.# #.#####.#
#..rS@..##############
####r.................
#....(.............
######..################
......>.................
#########.#.##......##..
#.#.##......##..
#.#.##......##..
#.#.####.#####..


You could see an adder (ally target), a friendly quokka (summoned) and a
friendly rat (summoned).

Vanquished Creatures
  3 bats
  An endoplasm (D:1)
  2 goblins (D:1)
  4 kobolds (D:1)
  3 rats
13 creatures vanquished.

Vanquished Creatures (collateral kills)
  A dart slug (D:1)
  2 ball pythons
  3 bats (D:1)
  2 endoplasms (D:1)
  2 hobgoblins (D:1)
  A frilled lizard (D:1)
  A kobold (D:1)
  A rat (D:1)
13 creatures vanquished.

Grand Total: 26 creatures vanquished

Notes
Turn   | Place    | Note
-------+----------+-------------------------------------------
     0 | D:1      | kae the Vine Stalker Summoner began the quest for the Orb.
     0 | D:1      | Reached XP level 1. HP: 9/9 MP: 4/4
   174 | D:1      | Reached XP level 2. HP: 9/14 MP: 3/6
   869 | D:1      | Reached XP level 3. HP: 11/17 MP: 3/7
   872 | D:1      | Learned a level 2 spell: Call Imp
   876 | D:1      | Learned a level 3 spell: Call Canine Familiar
  1032 | D:1      | Reached skill level 1 in Fighting
  1700 | D:2      | Noticed Sigmund
  1831 | D:2      | Slain by an adder

Illustrated notes

Levels and vault maps discovered:
D:1:      dpeg_arrival_line_fractal, layout_loops_ring
D:2:      layout_basic, serial_shops, nicolae_shop_behind_doors, uniq_sigmund

Skill      XL: |  1  2  3 |
---------------+----------+-----
Fighting       | 1 |  1.0
Dodging        | |  1.5
Stealth        | |  2.4
Spellcasting   | |  2.6
Summonings     | |  4.5

Action                   || total
-------------------------++-------
Melee: Unarmed           ||    73
       Bite              ||    17
 Cast: Summon Small Mamm ||    30
  Use: Scroll            ||     1
 Stab: Distracted        ||     1
Armor: Robe              ||    28
Dodge: Dodged            ||    78

Table legend: (Time is in decaauts)
 A = Elapsed time spent in this place.
 B = Non-inter-level travel time spent in this place.
 C = Inter-level travel time spent in this place.
 D = Time resting spent in this place.
 E = Time spent auto-exploring this place.
 F = Levels seen in this place.
 G = Mean time per level.
                   A        B        C        D        E       F      G
               +--------+--------+--------+--------+--------+-----+--------+
         Total |   1830 |   1800 |     30 |     49 |   1468 |   2 |  915.0 |
       Dungeon |   1830 |   1800 |     30 |     49 |   1468 |   2 |  915.0 |
               +--------+--------+--------+--------+--------+-----+--------+

Top non-repeatable levels by time:
     D:1: 1628 daAuts
     D:2: 202 daAuts
